Map: Lightshade LE

Players

MarcoMan

  • Race: Protoss Protoss
  • League: Master
  • Spawn Location: 11:00

Mukiwaa - Winner!

  • Race: Terran Terran
  • League: Master
  • Spawn Location: 5:00

VOD

Have the link to the VOD?

Description

Time

  • Played on: Jan. 17, 2021, 2:50 p.m.
  • Length: 10:47
Show
View Real Time Build Order
Export as new Build Order

MarcoMan Protoss 

Build Orders: 1 Gate Expand, Blink Stalkers 

Get SALT Encoding   

  12  0:00  Probe  
  13  0:12  Probe  
  14  0:17  Pylon  
  14  0:24  Probe (Chrono Boost)  
  16  0:37  Gateway, Probe (Chrono Boost)  
  16  0:43  Probe (Chrono Boost)  
  17  0:50  Assimilator  
  17  0:51  Probe  
  18  1:03  Probe  
  19  1:15  Probe  
  20  1:26  Cybernetics Core  
  20  1:36  Nexus  
  20  1:40  Probe  
  20  1:44  Pylon  
  21  1:52  Probe  
  22  1:54  Assimilator  
  22  2:00  Adept (Chrono Boost)  
  22  2:04  Probe  
  25  2:08  Warp Gate  
  24  2:21  Stalker (Chrono Boost)  
  24  2:27  Probe  
  27  2:34  Twilight Council  
  27  2:39  Probe  
  28  2:52  Sentry  
  28  2:53  Probe  
  28  2:54  Probe  
  32  3:04  Gateway  
  32  3:06  Probe  
  32  3:08  Gateway, Probe  
  34  3:18  Probe  
  35  3:20  Probe  
  35  3:23  Blink (Chrono Boost)  
  36  3:30  Probe  
  36  3:33  Probe  
  38  3:42  Probe  
  38  3:45  Probe  
  40  3:50  Pylon  
  40  3:54  Probe  
  41  3:57  Probe  
  41  4:01  Robotics Facility  
  42  4:06  Probe  
  42  4:09  Probe  
  44  4:18  Probe  
  44  4:21  Stalker x2, Probe  
  44  4:23  Pylon  
  50  4:30  Probe  
  51  4:33  Probe  
  52  4:41  Stalker  
  52  4:45  Nexus  
  54  4:46  Pylon  
  54  4:49  Stalker x2  
  58  4:55  Observer  
  59  5:01  Assimilator  
  59  5:03  Assimilator  
  59  5:07  Stalker  
  61  5:15  Pylon  
  61  5:17  Stalker, Observer  
  61  5:19  Probe  
  61  5:20  Probe  
  66  5:32  Probe x2 (Chrono Boost)  
  68  5:40  Forge  
  68  5:42  Probe (Chrono Boost)  
  70  5:43  Gateway x2, Probe (Chrono Boost)  
  70  5:47  Probe x2 (Chrono Boost)  
  72  5:57  Sentry, Shield Battery  
  72  5:58  Charge (Chrono Boost), Probe x2  
  76  6:05  Probe  
  76  6:10  Probe x2  
  79  6:14  Observer  
  79  6:22  Probe  
  80  6:30  Probe x2  
  82  6:33  Pylon  
  82  6:34  Probe  
  82  6:35  Immortal  
  82  6:37  Pylon  
  85  6:46  Zealot x4  
  85  6:47  Zealot  
  93  6:56  Photon Cannon  
  93  7:02  Probe x2  
  93  7:13  Stalker  
  93  7:14  Stalker x2, Immortal  
  93  7:15  Zealot x2  
  99  7:25  Probe x3  
  99  7:27  Assimilator  
  102  7:30  Protoss Ground Armor Level 1 (Chrono Boost)  
  102  7:31  Assimilator  
  102  7:32  Robotics Bay  
  102  7:37  Probe  
  102  7:40  Forge  
  102  7:42  Gateway  
  102  7:43  Probe  
  102  7:44  Gateway  
  104  7:53  Pylon, Nexus  
  104  7:54  Pylon  
  104  7:56  Pylon  
  104  7:58  Pylon  
  104  7:59  Stalker x2  
  104  8:13  Zealot x3  
  104  8:14  Protoss Ground Weapons Level 1 (Chrono Boost)  
  104  8:19  Colossus (Chrono Boost)  
  110  8:21  Photon Cannon  
  110  8:22  Photon Cannon  
  110  8:23  Shield Battery  
  116  8:28  Probe x3  
  119  8:37  Gateway x2  
  119  8:39  Zealot  
  121  8:46  Templar Archives  
  121  8:48  Gateway  
  119  8:56  Probe x3  
  119  8:59  Pylon  
  119  9:02  Zealot x4  
  128  9:08  Probe x4  
  130  9:12  Psionic Storm  
  120  9:20  Zealot x2  
  120  9:21  Zealot  
  120  9:23  Colossus (Chrono Boost)  
  128  9:25  Probe  
  124  9:49  Zealot x4  
  124  9:50  Zealot x2  
  136  9:58  Stalker x3  
  136  9:59  Stalker  
  129  10:19  Observer (Chrono Boost)  
  130  10:21  Probe  
  130  10:24  Photon Cannon  
  130  10:27  Probe  
  131  10:29  Probe  
  131  10:31  Probe  
  131  10:33  Pylon  
  133  10:37  Zealot  
  133  10:38  Zealot x5  
  133  10:39  Assimilator, Zealot  
  147  10:43  Assimilator  
Show
View Real Time Build Order
Export as new Build Order

Mukiwaa Terran - Winner!

Build Orders: Reaper Expand 

Get SALT Encoding   

  12  0:00  SCV  
  13  0:13  SCV  
  14  0:20  Supply Depot  
  14  0:25  SCV  
  15  0:42  SCV  
  16  0:44  Barracks  
  16  0:50  Refinery  
  16  0:54  SCV  
  17  1:06  SCV  
  19  1:18  SCV  
  19  1:32  Orbital Command  
  19  1:34  Reaper  
  20  1:43  Command Center  
  20  1:54  Supply Depot  
  20  2:00  SCV  
  21  2:11  Barracks Reactor  
  21  2:14  SCV  
  22  2:26  SCV  
  22  2:29  Command Center  
  23  2:35  Barracks  
  23  2:38  SCV  
  23  2:44  Bunker  
  24  2:50  SCV  
  25  2:51  Marine x2  
  25  2:58  Refinery  
  27  3:09  Marine x2  
  29  3:15  Orbital Command  
  29  3:19  SCV  
  29  3:22  Barracks Tech Lab  
  28  3:31  SCV  
  28  3:35  Marine x2  
  30  3:42  Orbital Command  
  30  3:43  SCV  
  30  3:45  Stimpack  
  31  3:48  SCV  
  31  3:55  SCV, Marine  
  34  3:56  Marine  
  34  3:58  Marine  
  36  4:04  SCV  
  36  4:09  Factory  
  37  4:10  SCV x2  
  37  4:16  Marine x2  
  37  4:17  Marauder  
  43  4:18  SCV  
  43  4:22  SCV  
  43  4:23  SCV, Refinery  
  46  4:30  SCV  
  47  4:35  Marine x2  
  47  4:36  SCV x2  
  51  4:41  Marauder  
  51  4:42  Supply Depot, SCV, Refinery  
  54  4:48  SCV x2  
  56  4:54  SCV  
  56  4:55  Marine x2  
  56  4:56  Factory Reactor  
  59  5:00  Starport, SCV x2  
  59  5:04  Supply Depot  
  59  5:06  Engineering Bay, Supply Depot  
  59  5:07  SCV  
  62  5:09  Marauder  
  62  5:13  Marine  
  62  5:14  Marine  
  66  5:16  SCV x2  
  67  5:22  SCV  
  67  5:23  Engineering Bay  
  68  5:28  Supply Depot  
  68  5:29  Supply Depot  
  68  5:30  Marauder  
  68  5:32  SCV  
  68  5:33  Terran Infantry Weapons Level 1  
  71  5:35  Marine  
  71  5:36  Marine  
  71  5:41  Combat Shield  
  73  5:45  Medivac x2  
  73  5:46  Factory Reactor  
  73  5:48  SCV  
  78  5:51  Marauder  
  78  5:55  Terran Infantry Armor Level 1  
  80  5:57  SCV x2  
  80  6:03  Barracks  
  80  6:04  Barracks  
  82  6:07  SCV, Marine  
  82  6:08  Barracks  
  82  6:09  SCV  
  85  6:13  Orbital Command  
  84  6:23  SCV x2  
  86  6:30  Medivac x2, Armory  
  90  6:35  SCV  
  90  6:36  SCV  
  91  6:42  Marauder, Marine x2  
  91  6:43  Widow Mine x2, SCV  
  100  6:48  SCV  
  100  6:51  Barracks Tech Lab x2  
  101  6:59  Supply Depot x2  
  101  7:00  Concussive Shells  
  101  7:02  Barracks Tech Lab  
  101  7:08  SCV  
  101  7:09  SCV  
  101  7:10  SCV  
  101  7:13  Marine x2  
  101  7:20  Medivac x2, Marauder x2  
  101  7:21  Marauder  
  101  7:22  SCV  
  108  7:24  Marine  
  108  7:28  Supply Depot  
  108  7:29  Supply Depot  
  109  7:31  SCV x2, Marine  
  109  7:32  Supply Depot, Refinery  
  109  7:33  Command Center, Refinery  
  109  7:36  Supply Depot, Terran Infantry Weapons Level 2  
  112  7:38  Supply Depot  
  112  7:39  SCV  
  112  7:42  Marauder x2  
  117  7:46  Supply Depot  
  117  7:47  Supply Depot  
  117  7:49  Marine x2  
  117  7:50  Supply Depot, Marauder, SCV, Marine  
  117  7:51  Medivac  
  125  7:56  SCV x2  
  127  8:01  Terran Infantry Armor Level 2  
  127  8:02  SCV  
  127  8:03  Marine  
  127  8:04  Marine  
  130  8:07  Marine  
  130  8:08  Marauder  
  125  8:13  Marine x2  
  125  8:17  Widow Mine x2  
  131  8:21  Marauder  
  131  8:22  Marine  
  134  8:28  Barracks  
  134  8:29  Barracks, Marauder  
  134  8:30  Barracks  
  134  8:31  Terran Ship Weapons Level 1  
  134  8:33  Ghost Academy  
  136  8:37  Starport  
  136  8:38  Marauder  
  136  8:40  Marauder  
  140  8:42  Supply Depot, Marauder, Marine x2  
  140  8:43  Supply Depot  
  144  8:51  Marauder  
  144  8:53  Medivac x2  
  150  8:59  Marine  
  150  9:00  Marauder, SCV x2, Marine  
  150  9:02  Marauder  
  158  9:07  Marine  
  155  9:11  Marine  
  152  9:17  Marine x2  
  152  9:20  Barracks Reactor, Barracks Tech Lab x2  
  152  9:21  Marauder  
  156  9:36  Marine  
  156  9:37  Marauder, Marine  
  158  9:39  Planetary Fortress  
  158  9:41  Missile Turret  
  158  9:42  Missile Turret  
  156  9:46  Bunker  
  153  9:53  Marauder, Marine x4  
  153  9:54  Marine x2  
  153  9:59  Marauder  
  163  10:04  Marine x2  
  163  10:06  Medivac x2  
  169  10:11  Marauder x2, Marine x2  
  169  10:12  Marine x2  
  176  10:15  Marauder  
  176  10:20  Marauder  
  180  10:22  Marine x2  
  180  10:25  SCV x4  
  180  10:26  Starport Reactor  
  186  10:29  Marine  
Tags
 
Add a new tag
Caveats
  • Supply blocks, unpowered buildings, or Contaminate may cause inaccurate times.
  • Supply counts are checked every 10 seconds.